Map: Galactic Process LE

Players

Gracz - Winner!

  • Race: Zerg Zerg
  • League: Bronze

MrNoobington

  • Race: Terran Terran
  • League: Bronze

VOD

Have the link to the VOD?

Description

Time

  • Played on: Aug. 28, 2016, 4:37 p.m.
  • Length: 13:09
Show
View Real Time Build Order
Export as new Build Order

Gracz Zerg - Winner!

Build Orders: Pool First 

Get SALT Encoding   

  12  0:13  Drone x2  
  14  0:38  Extractor  
  14  0:39  Drone  
  15  0:53  Spawning Pool, Overlord  
  14  1:03  Extractor  
  13  1:05  Drone  
  14  1:29  Drone x3  
  17  1:49  Zergling x2  
  17  1:52  Zergling x2  
  19  2:07  Zergling x2  
  20  2:21  Metabolic Boost  
  20  2:38  Drone  
  20  2:39  Drone  
  20  2:43  Roach Warren  
  21  2:47  Drone  
  21  4:53  Overlord  
  21  5:13  Roach x3  
  25  6:12  Ravager x3, Hatchery  
  25  6:17  Drone x3  
  30  6:19  Lair  
  30  6:35  Evolution Chamber  
  30  6:39  Extractor  
  28  6:47  Spine Crawler  
  28  8:12  Drone  
  28  8:13  Drone x2  
  30  9:04  Drone x2  
  32  10:00  Spire  
  31  10:11  Queen  
  31  10:13  Queen  
  35  10:20  Glial Reconstitution  
  35  11:00  Hydralisk Den  
  34  11:18  Mutalisk  
  34  11:21  Overlord  
  34  11:22  Overlord  
  36  11:48  Mutalisk  
  36  11:49  Mutalisk x2  
  36  11:50  Mutalisk  
  36  11:51  Mutalisk x2  
  48  12:13  Mutalisk  
  48  12:14  Mutalisk  
  52  12:16  Overlord  
  52  12:17  Overlord  
Show
View Real Time Build Order
Export as new Build Order

MrNoobington Terran 

Build Orders: Command Center First (CC) 

Get SALT Encoding   

  12  0:19  SCV  
  13  0:31  Supply Depot, SCV  
  14  0:47  SCV  
  15  0:53  Supply Depot  
  15  0:59  SCV  
  16  1:19  Command Center  
  16  1:30  Refinery  
  16  1:35  SCV  
  17  1:47  SCV  
  18  1:55  Barracks  
  18  1:59  SCV  
  19  2:05  Refinery  
  19  2:11  SCV  
  20  2:23  SCV  
  21  2:35  SCV  
  22  2:40  Command Center  
  22  2:47  SCV  
  23  3:00  SCV  
  23  3:05  Factory  
  24  3:12  SCV  
  24  3:58  Barracks Reactor  
  24  4:21  SCV  
  25  4:33  SCV  
  25  4:34  Marine  
  27  4:41  Marine  
  29  4:45  SCV  
  29  4:57  Marine, SCV  
  29  5:09  SCV  
  29  5:15  Marine  
  30  5:32  Marine  
  29  5:50  Marine  
  29  6:04  SCV  
  29  6:08  Marine  
  29  6:11  Refinery  
  31  6:14  Refinery  
  31  6:16  SCV  
  31  6:17  Refinery  
  32  6:20  SCV  
  33  6:28  SCV  
  33  6:31  Barracks Reactor  
  33  6:32  SCV  
  35  6:40  SCV  
  35  6:44  SCV  
  37  6:52  SCV  
  38  6:55  Factory  
  38  6:57  SCV  
  39  7:05  SCV  
  40  7:09  SCV  
  38  7:26  SCV  
  37  7:38  Barracks, SCV  
  38  7:47  Armory  
  38  7:50  SCV  
  32  8:03  SCV  
  27  8:32  Factory  
  26  8:35  Factory  
  26  8:38  Terran Vehicle Weapons Level 1  
  26  8:43  Barracks Tech Lab  
  25  8:57  SCV  
  25  8:58  Starport  
  26  9:04  SCV  
  26  9:09  SCV  
  28  9:16  SCV  
  29  9:21  SCV, Factory Tech Lab  
  29  9:23  Factory Tech Lab  
  30  9:29  Factory  
  30  9:33  SCV  
  31  9:47  Supply Depot  
  31  9:55  Supply Depot  
  31  9:56  Supply Depot  
  31  10:09  Starport Tech Lab, SCV  
  32  10:14  Starport Reactor  
  32  10:18  Factory Reactor  
  32  10:19  Supply Depot  
  32  10:21  SCV  
  33  10:22  Siege Tank  
  33  10:26  Siege Tank  
  39  10:32  Terran Vehicle And Ship Armor Level 1, SCV  
  39  10:33  SCV  
  41  10:44  SCV  
  41  10:45  SCV  
  43  10:53  Command Center  
  43  10:54  Siege Tank  
  43  10:56  SCV  
  47  10:57  SCV  
  47  10:58  Siege Tank  
  51  11:08  SCV  
  52  11:20  SCV  
  52  11:24  Starport  
  53  11:26  Siege Tank  
  56  11:40  Starport  
  56  11:59  Supply Depot, Siege Tank  
  59  12:01  Supply Depot  
  59  12:05  Starport Tech Lab  
  59  12:20  Refinery  
  59  12:21  SCV  
  60  12:33  SCV  
  55  12:45  SCV  
Tags
 
Add a new tag
Caveats
  • Supply blocks, unpowered buildings, or Contaminate may cause inaccurate times.
  • Supply counts are checked every 10 seconds.